 Dungeon Crawl Stone Soup version 0.29-a0-330-g52719c12eb (webtiles) character file.

Game seed: 1154290209944650133

5663 zishaf the Frost Mage (level 10, 0/78 HPs)
             Began as a Naga Ice Elementalist on Apr 12, 2022.
             Was a Believer of Cheibriados.
             Slain by a two-headed ogre
             ... wielding a +0 giant club
              (12 damage)
             ... on level 9 of the Dungeon.
             The game lasted 00:21:30 (10790 turns).

zishaf the Frost Mage (Naga Ice Elementalist)      Turns: 10790, Time: 00:21:31

Health: 0/78       AC: 19    Str: 12    XL:     10   Next: 75%
Magic:  9/14       EV: 13    Int: 25    God:    Cheibriados [**....]
Gold:   542        SH: 12    Dex: 22    Spells: 6/15 levels left

rFire   . . .      SeeInvis +   a - +2 demon blade (elec)
rCold   . . .      Faith    .   l - +0 kite shield
rNeg    + . .      Spirit   .   m - +0 steam dragon scales
rPois   +          Reflect  .   y - +0 helmet
rElec   .          Harm     .   H - +1 cloak
rCorr   .          Rampage  .   A - +0 pair of gloves
Will    +....                   (no barding)
Stlth   +++.......              (no amulet)
HPRegen 0.23/turn               p - ring of positive energy
MPRegen 0.14/turn               t - ring "Nuckyebu" {EV+4 Str-3 Int+3 Dex+2}

@: ice-armoured, short of breath, very slow
A: AC +3, large, see invisible, deformed body, poison resistance, slowness 2,
spit poison 1, naga tail 1
a: Spit Poison, Renounce Religion, Bend Time


You were on level 9 of the Dungeon.
You worshipped Cheibriados.
Cheibriados was pleased with you.
You visited 2 branches of the dungeon, and saw 10 of its levels.
You also visited: Sewer.

You collected 557 gold pieces.
You spent 15 gold pieces at shops.

Inventory:

Hand Weapons
 a - a +2 demon blade of electrocution (weapon)
 b - a +0 hunting sling
 B - the +7 falchion of the Chickpea {flame, MP+9 Dex+2}
   (You found it on level 6 of the Dungeon)

   It burns those it strikes, dealing additional fire damage.
   Big, fiery blades are also staple armaments of hydra-hunters.
   Dex:       It affects your dexterity (+2).
   MP:        It affects your magic capacity (+9).
 D - the +1 rapier of Cofiraec {flame, rC+}
   (You found it on level 6 of the Dungeon)

   It burns those it strikes, dealing additional fire damage.
   rC:        It protects you from cold.
Missiles
 I - 2 curare-tipped darts
Armour
 l - a +0 kite shield (worn)
 m - +0 steam dragon scales (worn)
 y - a +0 helmet (worn)
 A - a +0 pair of gloves (worn)
 H - a +1 cloak (worn)
Jewellery
 n - an amulet of guardian spirit
 p - a ring of positive energy (left hand)
 t - the ring "Nuckyebu" (right hand) {EV+4 Str-3 Int+3 Dex+2}
   (You found it on level 3 of the Dungeon)

   [ring of evasion]

   EV:        It affects your evasion (+4).
   Str:       It affects your strength (-3).
   Int:       It affects your intelligence (+3).
   Dex:       It affects your dexterity (+2).
 C - a +6 ring of strength
 J - a +6 ring of dexterity
Wands
 w - a wand of polymorph (21)
 z - a wand of flame (25)
 E - a wand of iceblast (5)
 G - a wand of paralysis (13)
Scrolls
 c - 2 scrolls of enchant weapon {unknown}
 e - a scroll of enchant armour {unknown}
 j - 3 scrolls of vulnerability
 u - 3 scrolls of teleportation
 F - a scroll of blinking {unknown}
Potions
 d - 2 potions of resistance
 g - 2 potions of mutation
 h - 3 potions of might
 i - 3 potions of heal wounds
 k - 2 potions of attraction
 o - 2 potions of brilliance
 q - 7 potions of curing
 r - 3 potions of magic
 s - a potion of flight {unknown}
 v - 3 potions of invisibility
 x - a potion of lignification {unknown}
Miscellaneous
 f - a phial of floods


   Skills:
 - Level 1.0 Fighting
 + Level 6.3 Long Blades
 - Level 1.5 Dodging
 - Level 3.0 Stealth
 + Level 8.8 Shields
 - Level 3.0 Spellcasting
 + Level 1.8 Translocations
 - Level 10.1 Ice Magic


You had 6 spell levels left.
You knew the following spells:

 Your Spells              Type           Power      Damage    Failure   Level
a - Freeze                Ice            100%       1d11      1%          1
b - Frozen Ramparts       Ice            100%       1d12      1%          3
c - Ozocubu's Armour      Ice            53%        N/A       1%          3
d - Blink                 Tloc           26%        N/A       14%         2

Your spell library contained the following spells:

 Spells                   Type           Power      Damage    Failure   Level
 Animate Skeleton         Necr           6%         N/A       19%         1
 Beastly Appendage        Tmut           6%         N/A       19%         1
 Pain                     Necr           12%        1d4       19%         1
 Hailstorm                Conj/Ice       29%        3d8       24%         4
 Lesser Beckoning         Tloc           13%        N/A       26%         3
 Wereblood                Tmut           3%         N/A       28%         2
 Confusing Touch          Hex            3%         N/A       50%         3
 Spider Form              Tmut/Pois      3%         N/A       50%         3
 Vampiric Draining        Necr           3%         2d6       50%         3
 Manifold Assault         Tloc           13%        N/A       94%         5
 Yara's Violent Unravell  Hex/Tmut       1%         3d3       99%         5
 Enfeeble                 Hex            1%         N/A       100%        7


Dungeon Overview and Level Annotations

Branches:
Dungeon (9/15)             Temple (1/1) D:6           Sewer (visited)
   Lair: D:8-11         Orc: D:9-12

Altars:
Ashenzari
Cheibriados
Dithmenos
Elyvilon
Fedhas
Gozag
Hepliaklqana
Kikubaaqudgha
Makhleb
Nemelex Xobeh
Okawaru
Qazlal
Ru
Sif Muna
Trog
Uskayaw
Vehumet
Wu Jian
Xom
Yredelemnul
Zin
The Shining One

Shops:
D:1 (   D:8 *

Annotations:
D:5 3 runed translucent doors, Patoropollo's ghost, novice HuFi


Innate Abilities, Weirdness & Mutations

Your serpentine skin is tough. (AC +3)
You have supernaturally acute eyesight. (SInv)
Armour fits poorly on your strangely shaped body.
Your system is resistant to poisons. (rPois)
You cover ground very slowly.
You can spit poison.
You have a snake-like lower body.


Message History

You hear the crackle of electricity.
a - a +2 demon blade of electrocution (weapon)
You barely miss the acid dragon.
The acid dragon is severely wounded.
The wall freezes the acid dragon.
You block the acid dragon's attack.
The acid dragon claws you but does no damage.
The wall freezes the acid dragon.
The acid dragon closely misses you.
The acid dragon claws you but does no damage.
You completely miss the acid dragon.
The acid dragon is severely wounded.
The wall freezes the two-headed ogre!
The wall freezes the acid dragon!
You kill the acid dragon!
Cheibriados appreciates the change of pace.
The acid dragon scales are intact enough to wear.
Aiming: Spit Poison (1% risk of failure)
Press: ? - help, Shift-Dir - straight line, f - two-headed ogre
Aim: a two-headed ogre, wielding a +0 giant club and a +0 giant spiked club (lightly wounded, 83% to hit)
The splash of poison hits the two-headed ogre.
The two-headed ogre is poisoned.
The two-headed ogre is moderately wounded.
The wall freezes the two-headed ogre.
You slash the two-headed ogre!
Lightning courses through the two-headed ogre!
The two-headed ogre is severely wounded.
The wall freezes the two-headed ogre!
The two-headed ogre hits you with a +0 giant club!!
The two-headed ogre hits you with a +0 giant spiked club!!
You hit the two-headed ogre.
The two-headed ogre is almost dead.
You barely miss the two-headed ogre.
The two-headed ogre is almost dead.
The frozen ramparts melt away.
The two-headed ogre hits you with a +0 giant club!!
* * * LOW HITPOINT WARNING * * *
You block the two-headed ogre's attack.
You barely miss the two-headed ogre.
The two-headed ogre is almost dead.
You block the two-headed ogre's attack.
The two-headed ogre hits you with a +0 giant spiked club!
You die...

## #. ###.########
#...<....... #####+########
#........!.. #<...........#
#...........
#............#####...........
#............@O.##...........
#............##........[..O..
#............# ###...........
#............# #...........
############## #


You could see a two-headed ogre (poisoned).

Vanquished Creatures
  Erica (D:8)
  A deep elf pyromancer (D:8)
  4 gargoyles (D:8)
  The ghost of domi the Conjurer, an amateur DsWz (D:4)
  Sigmund (D:2)
  Menkaure (D:7)
  2 steam dragons
  An acid dragon (D:9)
  Duvessa (D:7)
  A water moccasin (D:7)
  2 orc warriors
  Pargi (Sewer)
  2 ice beasts (D:5)
  2 black bears
  2 ogres (D:5)
  2 centaurs
  A kobold brigand (D:7)
  A gnoll sergeant (D:5)
  4 scorpions
  2 necrophages
  Dowan (D:7)
  4 killer bees (D:7)
  5 hounds
  2 jellies
  4 orc priests
  2 iguanas (D:6)
  4 orc wizards
  8 adders
  9 gnolls
  2 white imps
  A worm (D:3)
  18 orcs
  6 ball pythons
  5 bats
  7 endoplasms
  5 giant cockroaches
  8 goblins
  9 hobgoblins
  3 quokkas
  2 frilled lizards
  14 kobolds
  7 rats
159 creatures vanquished.

Vanquished Creatures (others)
  A sky beast (D:7)
1 creature vanquished.

Grand Total: 160 creatures vanquished

Notes
Turn   | Place    | Note
-------+----------+-------------------------------------------
     0 | D:1      | zishaf the Naga Ice Elementalist began the quest for the
                  | Orb.
     0 | D:1      | Reached XP level 1. HP: 15/15 MP: 3/3
   450 | D:1      | Reached XP level 2. HP: 24/24 MP: 5/5
   963 | D:1      | Found Elufekh's Antique Weapon Boutique.
  1487 | D:2      | Reached skill level 1 in Fighting
  1487 | D:2      | Reached XP level 3. HP: 21/31 MP: 0/6
  1629 | D:2      | Noticed an eye of devastation
  1633 | D:2      | Found a faded altar of an unknown god.
  1634 | D:2      | Noticed a shining eye
  1634 | D:2      | Noticed an eye of devastation
  1634 | D:2      | Noticed a floating eye
  1644 | D:2      | Noticed Sigmund
  1659 | D:2      | Killed Sigmund
  1660 | D:2      | Reached skill level 5 in Ice Magic
  1660 | D:2      | Reached XP level 4. HP: 3/38 MP: 0/7
  1660 | D:2      | Reached XP level 5. HP: 3/44 MP: 0/8
  2399 | D:1      | Learned a level 3 spell: Frozen Ramparts
  2403 | D:1      | Learned a level 3 spell: Ozocubu's Armour
  2544 | D:2      | Reached XP level 6. HP: 15/51 MP: 4/9
  3236 | D:3      | Found a blossoming altar of Fedhas.
  3494 | D:3      | Found a basalt altar of Yredelemnul.
  3494 | D:3      | Found a shimmering blue altar of Sif Muna.
  3523 | D:3      | Identified the ring "Nuckyebu" {EV+4 Str-3 Int+3 Dex+2}
  4103 | D:3      | Found a shimmering altar of Xom.
  4104 | D:3      | Found a shimmering altar of Xom.
  4104 | D:3      | Found a shimmering altar of Xom.
  4106 | D:3      | Found a shimmering altar of Xom.
  4311 | D:4      | Reached skill level 6 in Ice Magic
  4368 | D:4      | Found a runed translucent gate.
  4368 | D:4      | Found a runed translucent gate.
  4370 | D:4      | Noticed domi's ghost (amateur DsWz)
  4432 | D:4      | Found a glowing drain.
  4481 | Sewer    | Entered a sewer
  4601 | Sewer    | Noticed Pargi
  4610 | Sewer    | Killed Pargi
  4611 | Sewer    | Reached XP level 7. HP: 44/57 MP: 4/10
  4933 | D:4      | Found a runed translucent gate.
  5013 | D:4      | Found a hide-covered altar of Uskayaw.
  5573 | D:5      | Entered Level 5 of the Dungeon
  5753 | D:5      | Noticed Patoropollo's ghost (novice HuFi)
  5779 | D:5      | Reached skill level 5 in Shields
  5779 | D:5      | Reached skill level 7 in Ice Magic
  5779 | D:5      | Reached XP level 8. HP: 49/64 MP: 6/11
  6372 | D:5      | Found a runed translucent gate.
  6372 | D:5      | Found a runed translucent gate.
  6372 | D:5      | Found a runed translucent gate.
  6874 | D:6      | Identified the +1 rapier of Cofiraec {flame, rC+}
  7004 | D:6      | Identified the +7 falchion of the Chickpea {flame, MP+9
                  | Dex+2}
  7013 | D:6      | Reached skill level 8 in Ice Magic
  7122 | D:6      | Found a staircase to the Ecumenical Temple.
  7137 | Temple   | Entered the Ecumenical Temple
  7330 | Temple   | Became a worshipper of Cheibriados the Contemplative
  7439 | D:6      | Reached XP level 9. HP: 63/70 MP: 8/12
  7442 | D:6      | Reached skill level 1 in Long Blades
  7524 | D:4      | Killed domi's ghost
  7838 | D:7      | Found a sparkling altar of Nemelex Xobeh.
  7875 | D:7      | Reached * piety under Cheibriados
  8227 | D:7      | Noticed Dowan
  8228 | D:7      | Noticed Duvessa
  8232 | D:7      | Killed Dowan
  8233 | D:7      | Killed Duvessa
  8243 | D:7      | Reached skill level 9 in Ice Magic
  8635 | D:7      | Noticed Menkaure
  8639 | D:7      | Killed Menkaure
  8945 | D:8      | Found a sacrificial altar of Ru.
  8982 | D:8      | Found Ugilaokomm's CLEARANCE SALE!.
  8990 | D:8      | Bought a potion of heal wounds for 15 gold pieces
  9099 | D:8      | Noticed a gargoyle
  9104 | D:8      | Killed a gargoyle
  9105 | D:8      | Reached XP level 10. HP: 46/78 MP: 6/13
  9243 | D:8      | Noticed a gargoyle
  9249 | D:8      | Killed a gargoyle
  9249 | D:8      | Reached ** piety under Cheibriados
  9250 | D:8      | Reached skill level 5 in Long Blades
  9397 | D:8      | Noticed a gargoyle
  9404 | D:8      | Killed a gargoyle
  9547 | D:8      | Noticed a gargoyle
  9552 | D:8      | Killed a gargoyle
  9630 | D:8      | Noticed Erica
  9663 | D:8      | Killed Erica
  9664 | D:8      | Reached skill level 10 in Ice Magic
 10169 | D:8      | Learned a level 2 spell: Blink
 10355 | D:8      | Noticed a deep elf pyromancer
 10368 | D:8      | Killed a deep elf pyromancer
 10369 | D:8      | Reached skill level 1 in Translocations
 10712 | D:9      | Noticed a two-headed ogre
 10790 | D:9      | Slain by a two-headed ogre

Illustrated notes

Levels and vault maps discovered:
D:1:      heliophobic_arrival_enchanted_forest, layout_basic, serial_shops,
          nicolae_shop_behind_doors, chequers_serial_rivers_large_a,
          minmay_strange_pillars
D:2:      layout_loops_cross, hellmonk_ecumenical_altar_watching_god,
          minmay_hexomino_f4, uniq_sigmund
D:3:      layout_loops_cross, mainiacjoe_overflow_six_doors_small,
          xom_redecorated, jmf_multi_god_temple, serial_co_window_serial,
          co_window_paths_a, co_window_paths_a, co_window_of_opportunity_a,
          co_window_corner_a, co_window_corner_a, co_window_broadway_c,
          co_window_unsneaky_path_d, co_window_broadway_c, glass_columns_a,
          glass_columns_a, glass_columns_a, glass_columns_a, glass_columns_a,
          nrook_campfire, minmay_misc_feat_four_crosses
D:4:      layout_rooms, eat_drink_and_be_merry_uskayaw,
          ebering_ghost_rock_garden, gup_sewer_entry_bubbles,
          serial_co_window_serial, co_window_paths_a, co_window_corner_a,
          co_window_paths_b, co_window_paths_b, co_window_paths_b,
          co_window_of_opportunity_c, co_window_of_opportunity_b,
          co_window_broadway_b, co_window_unsneaky_path_e, glass_columns_c,
          glass_columns_a, glass_columns_b, glass_columns_b
D:5:      layout_rooms, gammafunk_ghost_icy, lightli_minifort
D:6:      layout_rooms, minmay_temple_entry_slanted
D:7:      layout_loops_ring, nemelex_spade_bored_becter,
          nicolae_figureground_sparkle, uniq_duvessa, uniq_menkaure
D:8:      cheibrodos_statue_roulette, layout_gridville,
          lemuel_coloured_pillars_altar, nicolae_shop_clearance, uniq_erica
D:9:      layout_roguey
Temple:   regret_index_temple_generic_petals

Skill      XL: |  1  2  3  4  5  6  7  8  9 10 |
---------------+-------------------------------+-----
Fighting       | 1 |  1.0
Shields        | 2 3 5 6 8 |  8.8
Ice Magic      | 5 6 7 8 9 10 | 10.1
Long Blades    | 4 6 |  6.3
Spellcasting   | 3 |  3.0
Translocations | 1 |  1.8
Dodging        | |  1.5
Stealth        | |  3.0

Action                   |  1- 3 |  4- 6 |  7- 9 | 10-12 || total
-------------------------+-------+-------+-------+-------++-------
Melee: Dagger            |     8 |    65 |       |       ||    73
       War axe           |       |     4 |    16 |       ||    20
       Punch             |       |     2 |       |       ||     2
       Demon blade       |       |       |   114 |    34 ||   148
 Fire: Hunting sling     |       |     2 |    16 |     3 ||    21
 Cast: Freeze            |    33 |    21 |    11 |       ||    65
       Frozen Ramparts   |       |     9 |    19 |     7 ||    35
       Ozocubu's Armour  |       |     1 |    10 |     7 ||    18
 Abil: Spit Poison       |     7 |     9 |     5 |     3 ||    24
Evoke: Phial of floods   |       |       |     1 |       ||     1
  Use: Scroll            |       |     5 |     6 |     3 ||    14
       Potion            |       |       |       |     1 ||     1
 Stab: Sleeping          |       |     5 |     6 |       ||    11
Armor: Robe              |     3 |    31 |    21 |       ||    55
       Steam dragon scal |       |       |    14 |    10 ||    24
Dodge: Dodged            |    15 |    77 |   120 |    13 ||   225
Block: Kite shield       |       |       |    47 |    26 ||    73

Table legend: (Time is in decaauts)
 A = Elapsed time spent in this place.
 B = Non-inter-level travel time spent in this place.
 C = Inter-level travel time spent in this place.
 D = Time resting spent in this place.
 E = Time spent auto-exploring this place.
 F = Levels seen in this place.
 G = Mean time per level.
                   A        B        C        D        E       F      G
               +--------+--------+--------+--------+--------+-----+--------+
         Total |  14511 |  13913 |    598 |   1693 |   9730 |  11 | 1319.2 |
       Dungeon |  13947 |  13378 |    569 |   1651 |   9475 |   9 | 1549.7 |
        Temple |    310 |    281 |     29 |      0 |    255 |   1 |  310.0 |
         Sewer |    253 |    253 |      0 |     42 |      0 |   1 |  253.0 |
               +--------+--------+--------+--------+--------+-----+--------+

Top non-repeatable levels by time:
     D:8: 2860 daAuts
     D:1: 2043 daAuts
     D:2: 1811 daAuts
     D:7: 1778 daAuts
     D:5: 1596 daAuts
     D:4: 1530 daAuts
     D:3: 1502 daAuts
     D:6: 772 daAuts
  Temple: 310 daAuts
   Sewer: 253 daAuts
     D:9: 52 daAuts
